[Event "Commonwealth CC-Open 2024"]
[Site "Malacca"]
[Date "2024.02.22"]
[Round "5.19"]
[White "Kapoor, Satvik"]
[Black "Muhammed, Shuaau"]
[Result "1/2-1/2"]
[ECO "E67"]
[WhiteElo "1791"]
[BlackElo "2093"]
[Annotator "NA RC"]
[PlyCount "63"]
[EventDate "2024.02.21"]
[EventCountry "MAS"]
[SourceTitle "playchess.com"]
[Source "ChessBase"]
[SourceQuality "1"]
[TimeControl "5400+30"]

1. Nf3 Nf6 2. g3 g6 3. Bg2 Bg7 4. O-O O-O 5. d4 d6 6. c4 Nbd7 7. Nc3 e5 8. Qc2 Re8 9. Rd1 exd4 10. Nxd4 h6 {[%emt 0:29:42] E67: King's Indian: Fianchetto: 6...Nbd7.} 11. b3 Rb8 12. Bb2 a6 13. Rac1 (13. Rab1 $14 {is more appropriate.}) 13... c6 14. Nf3 Qc7 15. Ba3 Nc5 16. Qd2 b5 17. cxb5 axb5 18. Bb4 ({But not} 18. Qxd6 Qxd6 19. Rxd6 b4 20. Bxb4 (20. Rxc6 Ne6 $17) 20... Rxb4 21. Rxc6 Ne6 $17) 18... Nfe4 19. Nxe4 Nxe4 20. Bxd6 Nxd6 21. Qxd6 Qxd6 22. Rxd6 Bf5 {[%emt 1:14:48] [#]} (22... Rxe2 $11 {keeps the balance.} 23. Rd8+ (23. Rdxc6 Bf5 $11 24. Nh4 Be6 $11) (23. Rcxc6 Bf5 $11) 23... Kh7) 23. Rd2 (23. Nh4 $1 $16 Bg4 24. e3 (24. Rcxc6 g5 $16) (24. Bxc6 Rxe2 25. a4 bxa4 $11)) 23... b4 $11 24. Nd4 Bxd4 25. Rxd4 Rxe2 26. Bxc6 Rxa2 27. Kg2 Rb2 28. Bd5 Bc2 29. Rf4 Bxb3 30. Bxb3 Rxb3 31. Rc7 Rf8 32. Rb7 1/2-1/2

[Event "Commonwealth CC-Open 2024"]
[Site "Malacca"]
[Date "2024.02.22"]
[Round "5.20"]
[White "Chong, Jin Cheng"]
[Black "Bhagyashree Patil"]
[Result "1-0"]
[ECO "C50"]
[WhiteElo "1706"]
[BlackElo "1885"]
[Annotator "NA"]
[PlyCount "89"]
[EventDate "2024.02.21"]
[EventCountry "MAS"]
[SourceTitle "playchess.com"]
[Source "ChessBase"]
[SourceQuality "1"]
[TimeControl "5400+30"]

1. e4 e5 2. Nf3 Nc6 3. Bc4 Be7 4. O-O d6 5. d4 exd4 6. Nxd4 Nf6 7. Nc3 O-O 8. h3 Nd7 9. Re1 Nde5 10. Nxc6 bxc6 11. Bf1 Bf6 12. f4 Ng6 13. Qf3 Rb8 14. Bc4 Bd4+ 15. Kh1 Qf6 16. Bb3 Re8 17. Bd2 Bb7 $11 18. e5 Qh4 19. Ne4 dxe5 20. c3 Bb6 21. Ng5 Nh8 22. fxe5 c5 23. Bxf7+ Nxf7 24. Qxf7+ Kh8 25. Qf4 Qh5 26. Kh2 Rf8 27. Qg3 c4 28. Ne6 Rf7 29. Rf1 Re7 30. Nf4 Qxe5 31. Rae1 Be4 32. Rxe4 Qxe4 33. Re1 Rd8 34. Rxe4 Rxe4 35. Qh4 Rde8 36. Qh5 c6 37. b3 Bc7 38. h4 Rd8 39. Qf3 Re7 40. Bc1 Re1 41. Be3 Bb8 42. g3 cxb3 43. axb3 Re8 44. Bd4 R1e7 45. Qxc6 1-0

[Event "Commonwealth CC-Open 2024"]
[Site "Malacca"]
[Date "2024.02.22"]
[Round "5.21"]
[White "Gomes, Mary Ann"]
[Black "AH KYE, Benitot"]
[Result "1-0"]
[ECO "A13"]
[WhiteElo "2332"]
[BlackElo "1708"]
[Annotator "RC"]
[PlyCount "51"]
[EventDate "2024.02.21"]
[EventCountry "MAS"]
[SourceTitle "playchess.com"]
[Source "ChessBase"]
[SourceQuality "1"]
[TimeControl "5400+30"]

1. Nf3 d5 2. g3 Nf6 3. Bg2 e6 4. b3 Be7 5. Bb2 O-O 6. c4 Nc6 7. O-O d4 8. d3 e5 9. Na3 h6 10. Nc2 a5 11. e3 Bc5 12. h3 Be6 13. Nxe5 Nxe5 14. exd4 Nxd3 15. Qxd3 Qd7 16. Ne3 Rad8 17. Rad1 Bxh3 18. dxc5 Qxd3 19. Rxd3 Rxd3 20. Bxh3 Rd2 21. Be5 Rxa2 22. Bxc7 Ne4 23. Bg2 Rc8 24. Nd5 Re8 25. Bxe4 Rxe4 26. Nc3 1-0

[Event "Commonwealth CC-Open 2024"]
[Site "Malacca"]
[Date "2024.02.22"]
[Round "5.22"]
[White "Gong, Qianyun"]
[Black "Hiew, Jing Yung"]
[Result "1-0"]
[ECO "B51"]
[WhiteElo "2263"]
[BlackElo "1635"]
[Annotator "RC"]
[PlyCount "99"]
[EventDate "2024.02.21"]
[EventCountry "MAS"]
[SourceTitle "playchess.com"]
[Source "ChessBase"]
[SourceQuality "1"]
[TimeControl "5400+30"]

1. e4 c5 2. Nf3 Nc6 3. Bc4 e6 4. O-O Nf6 5. Re1 d6 6. Bb5 Bd7 7. c3 a6 8. Bf1 e5 9. d3 Be7 10. Na3 O-O 11. Nc2 Re8 12. h3 h6 13. d4 Bf8 14. dxc5 dxc5 15. Nh4 g6 16. Qf3 Nh5 17. Nf5 Kh7 18. Rd1 Nf6 19. Ng3 Qe7 20. Ne3 Be6 21. Nd5 Bxd5 22. exd5 Na7 23. d6 Qe6 24. Qxb7 Reb8 25. Qf3 Bxd6 26. Bc4 Qe7 27. Qe3 Ng8 28. Bd5 Nc8 29. Bxa8 Rxa8 30. Ne4 c4 31. Nxd6 Nxd6 32. Qc5 Rd8 33. Be3 Nf6 34. Qb6 Nfe4 35. f3 Ng3 36. Bc5 Ngf5 37. Bxd6 Rxd6 38. Rxd6 Nxd6 39. Qxa6 e4 40. fxe4 Nxe4 41. Qb6 Nc5 42. Rf1 f5 43. b4 Qe3+ 44. Kh1 Qe2 45. Qc7+ Kh8 46. Qf4 Ne4 47. Qxh6+ Kg8 48. Qxg6+ Kh8 49. Rxf5 Nf6 50. Qxf6+ 1-0

[Event "Commonwealth CC-Open 2024"]
[Site "Malacca"]
[Date "2024.02.22"]
[Round "5.23"]
[White "Anderson, Gavin"]
[Black "Jayaweera, Sayuni Gihansa"]
[Result "1-0"]
[ECO "D87"]
[WhiteElo "2159"]
[BlackElo "1632"]
[Annotator "RC"]
[PlyCount "69"]
[EventDate "2024.02.21"]
[EventCountry "MAS"]
[SourceTitle "playchess.com"]
[Source "ChessBase"]
[SourceQuality "1"]
[TimeControl "5400+30"]

1. d4 Nf6 2. c4 g6 3. Nc3 d5 4. cxd5 Nxd5 5. e4 Nxc3 6. bxc3 Bg7 7. Bc4 O-O 8. Ne2 c5 9. O-O Qa5 10. Be3 Nc6 11. Rb1 a6 12. f4 cxd4 13. cxd4 b5 14. Bb3 Bg4 15. d5 Nd4 16. Bxd4 Bxe2 17. Qxe2 Bxd4+ 18. Kh1 Rac8 19. e5 Qc3 20. Rf3 Qc5 21. f5 Kg7 22. Rbf1 f6 23. fxg6 hxg6 24. exf6+ Rxf6 25. Rxf6 Bxf6 26. Qe6 Qc1 27. Rd1 a5 28. d6 Qc6 29. Qf7+ Kh6 30. dxe7 Re8 31. Bd5 Qc2 32. Rf1 Qd3 33. Qxf6 Qxd5 34. Qf8+ Rxf8 35. exf8=Q+ 1-0

[Event "Commonwealth CC-Open 2024"]
[Site "Malacca"]
[Date "2024.02.22"]
[Round "5.24"]
[White "Smith, Robert W"]
[Black "De Maupeou D`ableiges, Alexandre"]
[Result "1-0"]
[ECO "C63"]
[WhiteElo "2152"]
[BlackElo "1609"]
[Annotator "RC"]
[PlyCount "107"]
[EventDate "2024.02.21"]
[EventCountry "MAS"]
[SourceTitle "playchess.com"]
[Source "ChessBase"]
[SourceQuality "1"]
[TimeControl "5400+30"]

1. e4 e5 2. Nf3 Nc6 3. Bb5 f5 4. Nc3 fxe4 5. Nxe4 Nf6 6. Qe2 d5 7. Nxf6+ gxf6 8. d4 e4 9. Nd2 Bg7 10. Qh5+ Kf8 11. c3 Be6 12. f3 Bf7 13. Qh3 Bg6 14. O-O a6 15. Bxc6 bxc6 16. fxe4 dxe4 17. Nb3 Kf7 18. Nc5 Re8 19. Bh6 Qe7 20. Rae1 Kg8 21. Bxg7 Qxg7 22. Qh4 Rab8 23. b3 f5 24. Re3 Qe7 25. Qf4 Qd6 26. Nxa6 Rb6 27. Nc5 Rb5 28. b4 Qd5 29. a4 Rbb8 30. Qxc7 Rbc8 31. Qf4 Re7 32. a5 Kh8 33. h4 Rg7 34. Qe5 Qg8 35. Ne6 Re8 36. Qxg7+ Qxg7 37. Nxg7 Kxg7 38. h5 Kf6 39. hxg6 hxg6 40. a6 Kg5 41. g3 Kg4 42. a7 c5 43. bxc5 g5 44. Ra1 Ra8 45. c6 f4 46. gxf4 gxf4 47. Rxe4 Kf3 48. Re8 Rxe8 49. a8=Q Re2 50. c7+ Kg3 51. Qg8+ Kf3 52. Rf1+ Ke3 53. Qe6+ Kd2 54. Qxe2+ 1-0

[Event "Commonwealth CC-Open 2024"]
[Site "Malacca"]
[Date "2024.02.22"]
[Round "5.25"]
[White "Wijesuriya, G P Y"]
[Black "Khandhar, Kaushal"]
[Result "1-0"]
[ECO "C07"]
[WhiteElo "1616"]
[BlackElo "1840"]
[Annotator "NA RC"]
[PlyCount "59"]
[EventDate "2024.02.21"]
[EventCountry "MAS"]
[SourceTitle "playchess.com"]
[Source "ChessBase"]
[SourceQuality "1"]
[TimeControl "5400+30"]

1. e4 e6 2. d4 d5 3. Nd2 c5 4. exd5 Qxd5 5. dxc5 Bxc5 6. Ngf3 Nf6 7. Bc4 Qc6 {C07: French Tarrasch: 3...c5, 4 Ngf3 and 4 exd5 Qxd5.} 8. Qe2 a6 9. O-O Nbd7 10. Nb3 b5 11. Bd3 Bb7 12. Na5 Qc7 13. Nxb7 Qxb7 14. Bf4 O-O 15. Ng5 Rfe8 16. Ne4 e5 17. Bg5 Nd5 18. Qf3 Rab8 19. c3 f6 20. Bd2 Bf8 21. Bc2 N7b6 22. Rad1 Rbd8 23. Be3 Kh8 24. Bxb6 Nxb6 25. Qh3 Qc8 $18 26. Qh4 Rxd1 27. Rxd1 Qf5 28. Bb1 Qf4 29. Qh3 Rd8 30. Nd6 1-0

[Event "Commonwealth CC-Open 2024"]
[Site "Malacca"]
[Date "2024.02.22"]
[Round "5.26"]
[White "Lim, Xiao Xian Tobias"]
[Black "Sabri, Mohd Saprin"]
[Result "1-0"]
[ECO "B40"]
[WhiteElo "1584"]
[BlackElo "1922"]
[Annotator "RC"]
[PlyCount "101"]
[EventDate "2024.02.21"]
[EventCountry "MAS"]
[SourceTitle "playchess.com"]
[Source "ChessBase"]
[SourceQuality "1"]
[TimeControl "5400+30"]

1. e4 c5 2. Nf3 e6 3. b3 Nf6 4. e5 Nd5 5. g3 d6 6. Bb2 dxe5 7. Nxe5 Be7 8. Bb5+ Nd7 9. Nxd7 Bxd7 10. Bxd7+ Qxd7 11. Bxg7 Rg8 12. Bb2 O-O-O 13. Nc3 Nb4 14. a3 Nc6 15. d3 e5 16. Qh5 f5 17. O-O-O Bf6 18. Na4 Rg5 19. Qf3 b6 20. h4 Rg4 21. Kb1 Kb8 22. Qg2 Nd4 23. Bxd4 Qxd4 24. c3 Qd7 25. Nb2 Qe6 26. Kc2 e4 27. dxe4 Rxd1 28. Rxd1 Qe5 29. Qf3 Rxe4 30. Nc4 Re2+ 31. Rd2 Rxd2+ 32. Kxd2 Qe6 33. Qf4+ Kb7 34. Qxf5 Qxf5 35. Nd6+ Kc6 36. Nxf5 Kd5 37. Kd3 b5 38. Ne3+ Kd6 39. c4 a6 40. a4 bxa4 41. bxa4 Ke6 42. f4 h5 43. Ke4 Bc3 44. f5+ Kd6 45. Nd5 Be1 46. f6 Ke6 47. Kf4 Bd2+ 48. Kf3 Ke5 49. g4 hxg4+ 50. Kxg4 Kd4 51. Kh5 1-0

[Event "Commonwealth CC-Open 2024"]
[Site "Malacca"]
[Date "2024.02.23"]
[Round "6.1"]
[White "Rohith Krishna S"]
[Black "Sethuraman, S.P."]
[Result "1/2-1/2"]
[ECO "D38"]
[WhiteElo "2410"]
[BlackElo "2594"]
[Annotator "TA"]
[PlyCount "56"]
[EventDate "2024.02.21"]
[EventCountry "MAS"]
[SourceTitle "playchess.com"]
[Source "ChessBase"]
[SourceQuality "1"]
[TimeControl "5400+30"]

1. d4 Nf6 2. c4 e6 3. Nf3 d5 4. Nc3 Bb4 5. Qa4+ Nc6 6. e3 O-O 7. Bd2 Re8 8. Qc2 Bf8 9. a3 h6 10. Rd1 a6 11. Bc1 Na5 12. c5 Nc6 13. b4 e5 14. dxe5 Nxe5 15. Nxe5 Rxe5 16. h3 (16. Bd3 $14) 16... a5 $11 {[%emt 0:09:26] The position is equal.} 17. Bd3 axb4 18. axb4 b6 19. Ne2 (19. O-O $5) 19... bxc5 (19... Bd7 {looks sharper.} 20. cxb6 Ba4 21. Qb2 Qd6) 20. bxc5 c6 21. Bb2 Re8 22. O-O Nd7 23. Nd4 Ne5 24. Be2 Ba6 25. e4 Bxe2 26. Nxe2 Nc4 27. exd5 cxd5 {[%emt 0:00:16][%cal Oa8a2] [#] ...Ra2! would now be deadly.} 28. Nf4 Nxb2 {[%emt 0:06:05] Weighted Error Value: White=0.06 (flawless) /Black=0.06 (flawless) .  Mistake:       	White=1     	---        Inaccurate:     	---       	Black=1      OK:         	White=8     	Black=10     Best:        	White=1     	---} 1/2-1/2

[Event "Commonwealth CC-Open 2024"]
[Site "Malacca"]
[Date "2024.02.23"]
[Round "6.2"]
[White "Vaibhav, Suri"]
[Black "Lalit Babu M R"]
[Result "0-1"]
[ECO "C54"]
[WhiteElo "2596"]
[BlackElo "2525"]
[Annotator "TA"]
[PlyCount "71"]
[EventDate "2024.02.21"]
[EventCountry "MAS"]
[SourceTitle "playchess.com"]
[Source "ChessBase"]
[SourceQuality "1"]
[TimeControl "5400+30"]

1. e4 e5 2. Nf3 Nc6 3. Bc4 Nf6 4. d3 Bc5 5. O-O d6 6. c3 a5 7. Re1 O-O 8. h3 h6 {[%emt 0:00:48] The position is equal.} 9. Bb3 Re8 10. Nbd2 b5 11. Nf1 a4 12. Bc2 d5 13. exd5 Qxd5 14. Ng3 Bb7 15. Be3 Bf8 16. Bd2 Qd7 17. Qe2 b4 18. Rab1 (18. Qd1 $11) 18... a3 ({Black should play} 18... Ba6 $15 19. c4 Bb7) 19. Ne4 Nxe4 20. Qxe4 {[%emt 0:00:07] [#] Now White is beyond hope.} (20. dxe4 $11 {and White has nothing to worry.} Ba6 21. Qe3) 20... Nd4 $1 $19 21. Qxb7 ({Don't go for} 21. Nxe5 $2 Bxe4 (21... Nxc2 22. Qxb7 Qd6 23. Rec1 $17) 22. Nxd7 Nxc2 $19 (22... bxc3 23. Bxc3 Nxc2 24. Rxe4 $11)) 21... Nxc2 22. Nxe5 Qe6 23. Rec1 (23. b3 Nxe1 24. Rxe1) 23... b3 ({Not} 23... Qxa2 24. Nc4 $17) 24. Qxb3 Qxb3 25. axb3 a2 26. Nc4 a1=Q 27. Rxa1 Nxa1 ({Resist} 27... Rxa1 28. Rxa1 Nxa1 29. b4 $19) 28. b4 Nb3 {[%emt 0:00:04] Wards off Na5} 29. Rd1 Nxd2 30. Nxd2 Rad8 31. Nc4 Re2 32. d4 Rde8 33. g4 Rc2 {[%emt 0:01:46] Black is clearly winning.} 34. Rd2 Rc1+ 35. Kg2 Bxb4 36. Kf3 {[%emt 0:18:24] Weighted Error Value: White=0.32/Black=0.09 (flawless) .  Loses game:     	White=1     	---        Mistake:       	White=2     	Black=1      Inaccurate:     	White=2     	---        OK:         	White=15    	Black=16     Best:        	---       	Black=3      Brilliant:      	---       	Black=1} 0-1

[Event "Commonwealth CC-Open 2024"]
[Site "Malacca"]
[Date "2024.02.23"]
[Round "6.3"]
[White "Tin, Jingyao"]
[Black "Mohammad Nubairshah Shaikh"]
[Result "1-0"]
[ECO "E94"]
[WhiteElo "2563"]
[BlackElo "2428"]
[Annotator "RC"]
[PlyCount "67"]
[EventDate "2024.02.21"]
[EventCountry "MAS"]
[SourceTitle "playchess.com"]
[Source "ChessBase"]
[SourceQuality "1"]
[TimeControl "5400+30"]

1. d4 Nf6 2. c4 g6 3. Nc3 d6 4. e4 Bg7 5. Nf3 O-O 6. Be2 e5 7. O-O Na6 8. Be3 Qe7 9. Qc2 exd4 10. Nxd4 c6 11. Rad1 Re8 12. f3 d5 13. cxd5 Nb4 14. Qc1 Nbxd5 15. Bf2 Nxc3 16. bxc3 Bd7 17. Rfe1 Rad8 18. Bf1 Bc8 19. Nb3 Rxd1 20. Rxd1 Qc7 21. a4 Nd7 22. a5 b6 23. axb6 axb6 24. Nd4 Be5 25. g3 Nc5 26. Bg2 Bg7 27. Qc2 g5 28. Qe2 h6 29. Qe3 f5 30. Qe2 Kh8 31. Qc2 fxe4 32. fxe4 Qe5 33. Qb1 Rf8 34. Qxb6 1-0

[Event "Commonwealth CC-Open 2024"]
[Site "Malacca"]
[Date "2024.02.23"]
[Round "6.4"]
[White "Mitrabha, Guha"]
[Black "Wong, Zhenyong Jayden"]
[Result "1/2-1/2"]
[ECO "A37"]
[WhiteElo "2504"]
[BlackElo "2406"]
[Annotator "RC"]
[PlyCount "114"]
[EventDate "2024.02.21"]
[EventCountry "MAS"]
[SourceTitle "playchess.com"]
[Source "ChessBase"]
[SourceQuality "1"]
[TimeControl "5400+30"]

1. c4 c5 2. Nc3 g6 3. g3 Bg7 4. Bg2 Nc6 5. a3 a6 6. Rb1 Rb8 7. b4 cxb4 8. axb4 b5 9. cxb5 axb5 10. Nf3 d5 11. d4 Bf5 12. Rb2 Nf6 13. Bf4 Rb6 14. Ne5 Ne4 15. Nxe4 Bxe4 16. f3 Bf5 17. g4 Nxe5 18. Bxe5 Bxe5 19. dxe5 Be6 20. Rc2 Rb7 21. Qd4 Rc7 22. Rxc7 Qxc7 23. Kd2 O-O 24. Rc1 Qb8 25. Bf1 f6 26. exf6 Rxf6 27. Rc6 Kf7 28. h4 Qf4+ 29. Qxf4 Rxf4 30. e3 Rxb4 31. Bd3 d4 32. exd4 Rxd4 33. Ke3 Rb4 34. Rb6 Bc4 35. Be4 Rb2 36. Kf4 b4 37. Kg5 Kg7 38. Rb7 h6+ 39. Kf4 b3 40. Rxe7+ Kf6 41. Rb7 g5+ 42. hxg5+ hxg5+ 43. Ke3 Be6 44. Rb6 Ke5 45. Rb5+ Kf6 46. f4 gxf4+ 47. Kxf4 Rf2+ 48. Ke3 Rf1 49. g5+ Kg7 50. Rb7+ Rf7 51. Rb6 Re7 52. Kf4 Bf7 53. Bf5 Ra7 54. Rh6 Ra4+ 55. Ke3 Ra5 56. Kf4 Ra4+ 57. Ke3 Ra5 1/2-1/2

[Event "Commonwealth CC-Open 2024"]
[Site "Malacca"]
[Date "2024.02.23"]
[Round "6.5"]
[White "Deepan Chakkravarthy J."]
[Black "Vignesh N R"]
[Result "1/2-1/2"]
[ECO "D04"]
[WhiteElo "2422"]
[BlackElo "2517"]
[Annotator "TA"]
[PlyCount "28"]
[EventDate "2024.02.21"]
[EventCountry "MAS"]
[SourceTitle "playchess.com"]
[Source "ChessBase"]
[SourceQuality "1"]
[TimeControl "5400+30"]

1. d4 Nf6 2. Nf3 d5 3. e3 c5 4. Bd3 c4 5. Be2 g6 (5... a6 $11) 6. O-O $14 Bg7 7. b3 cxb3 8. axb3 O-O 9. Ne5 Nc6 10. Nxc6 bxc6 11. Ba3 Re8 12. Nd2 Nd7 13. Ra2 Qb6 14. Bb2 c5 {[%emt 0:16:57] Weighted Error Value: White=0.04 (flawless) /Black=0.15 (very precise) .  OK:         	White=3     	Black=4} 1/2-1/2

[Event "Commonwealth CC-Open 2024"]
[Site "Malacca"]
[Date "2024.02.23"]
[Round "6.10"]
[White "Lim, Zhuo Ren"]
[Black "Masli, Muhd Nur Daie"]
[Result "1-0"]
[ECO "E05"]
[WhiteElo "2218"]
[BlackElo "1867"]
[Annotator "RC"]
[PlyCount "107"]
[EventDate "2024.02.21"]
[EventCountry "MAS"]
[SourceTitle "playchess.com"]
[Source "ChessBase"]
[SourceQuality "1"]
[TimeControl "5400+30"]

1. Nf3 Nf6 2. c4 e6 3. g3 Be7 4. Bg2 O-O 5. O-O d5 6. d4 dxc4 7. Qc2 b5 8. a4 b4 9. Nbd2 Bb7 10. Nxc4 Nbd7 11. Nfe5 Bxg2 12. Kxg2 Nxe5 13. dxe5 Nd5 14. e4 Nb6 15. Rd1 Qc8 16. Be3 Nxc4 17. Qxc4 c5 18. Rac1 Qc6 19. b3 Rac8 20. f3 Qc7 21. f4 Qc6 22. Kf3 Rc7 23. Rc2 Rfc8 24. g4 h6 25. h4 g6 26. h5 g5 27. f5 Bf8 28. Rcd2 Rb7 29. Bf2 Re8 30. Bg3 Rc8 31. Kg2 Rcc7 32. Rd6 Bxd6 33. exd6 Rd7 34. fxe6 fxe6 35. Qxe6+ Rf7 36. Rf1 Qd7 37. Qxd7 Rbxd7 38. Rc1 Rh7 39. Rxc5 Kf7 40. Kf3 Ke6 41. Ke3 Rhf7 42. Rf5 Rd8 43. Kd4 Rc8 44. Be1 a5 45. Rxa5 Rf3 46. Bxb4 Rxb3 47. Re5+ Kf6 48. Rb5 Ke6 49. Bc5 Rg3 50. Rb7 Re8 51. a5 Rxg4 52. a6 Kf6 53. Re7 Ra8 54. Kd5 1-0

[Event "Commonwealth CC-Open 2024"]
[Site "Malacca"]
[Date "2024.02.23"]
[Round "6.11"]
[White "Novak, Attila Robert"]
[Black "Chong, Jin Cheng"]
[Result "1-0"]
[ECO "E62"]
[WhiteElo "2130"]
[BlackElo "1706"]
[Annotator "RC"]
[PlyCount "77"]
[EventDate "2024.02.21"]
[EventCountry "MAS"]
[SourceTitle "playchess.com"]
[Source "ChessBase"]
[SourceQuality "1"]
[TimeControl "5400+30"]

1. d4 Nf6 2. Nf3 g6 3. c4 Bg7 4. g3 O-O 5. Bg2 d6 6. Nc3 Nc6 7. O-O Bg4 8. d5 Na5 9. b3 c5 10. Bd2 a6 11. Rc1 Rb8 12. h3 Bd7 13. e4 b5 14. e5 Ne8 15. Ne4 Nb7 16. Bc3 Qc7 17. exd6 Nbxd6 18. Bxg7 Kxg7 19. Re1 bxc4 20. bxc4 Bf5 21. Ned2 Nf6 22. g4 Bc8 23. Ne5 e6 24. Nc6 Rb2 25. Rc2 Rxc2 26. Qxc2 Kg8 27. Nb3 Nb7 28. Qd2 Ne8 29. Qg5 Ng7 30. Qf6 h6 31. Nd2 Re8 32. Ne4 h5 33. Qg5 Bd7 34. Nf6+ Kf8 35. Qh6 Bxc6 36. dxc6 Qa5 37. Rd1 Qc3 38. Nxe8 Kxe8 39. cxb7 1-0

[Event "Commonwealth CC-Open 2024"]
[Site "Malacca"]
[Date "2024.02.23"]
[Round "6.12"]
[White "Pon, Matt"]
[Black "Gomes, Mary Ann"]
[Result "1-0"]
[ECO "A05"]
[WhiteElo "2202"]
[BlackElo "2332"]
[Annotator "RC"]
[PlyCount "151"]
[EventDate "2024.02.21"]
[EventCountry "MAS"]
[SourceTitle "playchess.com"]
[Source "ChessBase"]
[SourceQuality "1"]
[TimeControl "5400+30"]

1. e4 c5 2. Nf3 d6 3. g3 Nc6 4. Bg2 g6 5. O-O Bg7 6. c3 e5 7. d3 Nf6 8. Re1 O-O 9. Nbd2 h6 10. h3 Be6 11. a3 a5 12. a4 d5 13. exd5 Nxd5 14. Nc4 Qc7 15. Qb3 Rad8 16. Qb5 b6 17. Bd2 Rfe8 18. Rad1 Kh7 19. Bc1 f5 20. Nfd2 Na7 21. Qb3 Nc8 22. Re2 Nf6 23. Qc2 Nd7 24. Rde1 Bf7 25. Na3 Nd6 26. b3 Re7 27. Nb5 Nxb5 28. axb5 Nf6 29. Bc6 Bd5 30. Bxd5 Nxd5 31. Nc4 Rde8 32. Ne3 Nf6 33. Nc4 Nd5 34. Ne3 Nxe3 35. Rxe3 Qd7 36. c4 g5 37. Bb2 Kg8 38. Kh2 Qd6 39. Qe2 Qg6 40. Bc3 h5 41. Qf3 e4 42. dxe4 fxe4 43. Qd1 Bxc3 44. Rxc3 g4 45. Qd5+ Kg7 46. Rce3 Re5 47. Qd2 R8e7 48. Qc3 Kh7 49. Qd2 Qf5 50. hxg4 hxg4 51. Rd1 R5e6 52. Kg2 Rf7 53. Rh1+ Kg7 54. Re2 Ref6 55. Rh4 Rd7 56. Qe3 Rd4 57. Qf4 Qxf4 58. gxf4 Rxf4 59. Kg3 Rf3+ 60. Kg2 Rxb3 61. Rxg4+ Kf7 62. Rf4+ Ke6 63. Rexe4+ Rxe4 64. Rxe4+ Kd7 65. f4 a4 66. f5 a3 67. f6 a2 68. Re7+ Kd6 69. Re1 Ra3 70. f7 Ra8 71. Re8 Rxe8 72. fxe8=Q a1=Q 73. Qd8+ Ke6 74. Qxb6+ Kd7 75. Qb7+ Ke6 76. Qa6+ 1-0

[Event "Commonwealth CC-Open 2024"]
[Site "Malacca"]
[Date "2024.02.23"]
[Round "6.13"]
[White "Tan, Yi Xun"]
[Black "Iniyan, Pa"]
[Result "0-1"]
[ECO "E04"]
[WhiteElo "1828"]
[BlackElo "2515"]
[Annotator "RC"]
[PlyCount "90"]
[EventDate "2024.02.21"]
[EventCountry "MAS"]
[SourceTitle "playchess.com"]
[Source "ChessBase"]
[SourceQuality "1"]
[TimeControl "5400+30"]

1. d4 Nf6 2. c4 e6 3. g3 d5 4. Bg2 c6 5. Nf3 dxc4 6. O-O b5 7. Ne5 Bb7 8. a4 a6 9. b3 cxb3 10. Bb2 Nd5 11. Qxb3 Nd7 12. Nd3 Be7 13. Rc1 Rb8 14. a5 O-O 15. Nd2 Ba8 16. Ne4 b4 17. Nec5 Nxc5 18. Nxc5 Nc7 19. Rc4 Rb5 20. Qc2 Nd5 21. e4 Nc7 22. Nb3 Qd7 23. Rc1 Rd8 24. Qe2 Bf8 25. h4 Rbb8 26. Qg4 Nb5 27. Nc5 Qa7 28. h5 Na3 29. Bxa3 bxa3 30. Qf3 e5 31. Qxa3 exd4 32. Qf3 Rb5 33. Nb3 c5 34. Bf1 Rdb8 35. Nxd4 Rxa5 36. Nf5 Re8 37. Qg4 g6 38. Rd1 Qb6 39. Rd7 Qe6 40. hxg6 hxg6 41. Ne3 Bxe4 42. Qxe6 Rxe6 43. Ra7 Ra1 44. Kh2 g5 45. Ng4 Bd5 0-1

[Event "Commonwealth CC-Open 2024"]
[Site "Malacca"]
[Date "2024.02.23"]
[Round "6.14"]
[White "Sanudula, K M Dahamdi"]
[Black "Gong, Qianyun"]
[Result "0-1"]
[ECO "D00"]
[WhiteElo "1744"]
[BlackElo "2263"]
[Annotator "RC"]
[PlyCount "142"]
[EventDate "2024.02.21"]
[EventCountry "MAS"]
[SourceTitle "playchess.com"]
[Source "ChessBase"]
[SourceQuality "1"]
[TimeControl "5400+30"]

1. d4 e6 2. e3 Nf6 3. Bd3 d5 4. Nd2 c5 5. c3 Be7 6. f4 b6 7. Ngf3 O-O 8. Ne5 Ba6 9. Bxa6 Nxa6 10. Qe2 Nc7 11. O-O Rc8 12. Ndf3 Nce8 13. Bd2 Nd6 14. Be1 Nfe4 15. Nd2 Nxd2 16. Bxd2 Qe8 17. Rfe1 Ne4 18. Nd3 Nd6 19. Nf2 f5 20. Rec1 Bf6 21. Kh1 Kh8 22. Be1 Rc7 23. Nd3 Qb5 24. Rc2 Rfc8 25. Rac1 Qa4 26. b3 Qe8 27. Nb2 c4 28. bxc4 Nxc4 29. Nxc4 Rxc4 30. Rb1 b5 31. Rcb2 a6 32. g4 fxg4 33. Qxg4 Qf7 34. Rg2 g6 35. Qf3 Bg7 36. Qg4 Rf8 37. Rbb2 Qe8 38. Rbf2 a5 39. h4 Rf5 40. Qe2 Bf6 41. Rh2 Rh5 42. Rf1 Qe7 43. Qb2 b4 44. cxb4 axb4 45. Qf2 Qf8 46. Rg1 Be7 47. Qf3 Qf5 48. Bg3 Rc3 49. Be1 Ra3 50. Bg3 Qd3 51. Re1 Bf6 52. Qf2 Qe4+ 53. Kg1 Kg7 54. Re2 Qd3 55. Rg2 Rc3 56. Kh2 Qf5 57. Kg1 Qg4 58. Re1 Qf5 59. Kh2 Qe4 60. Re2 Rf5 61. Qe1 Be7 62. Bf2 Qf3 63. Rg3 Qe4 64. Rg2 Rf8 65. Qh1 Rxf4 66. exf4 Qxe2 67. Be1 Qe4 68. Bxc3 Qxf4+ 69. Kg1 bxc3 70. Rf2 Qxd4 71. Qf3 Bc5 0-1

[Event "Commonwealth CC-Open 2024"]
[Site "Malacca"]
[Date "2024.02.23"]
[Round "6.17"]
[White "Dabarera, G W D M"]
[Black "Vrashank Chouhan"]
[Result "1-0"]
[ECO "C13"]
[WhiteElo "1771"]
[BlackElo "2046"]
[Annotator "RC"]
[PlyCount "111"]
[EventDate "2024.02.21"]
[EventCountry "MAS"]
[SourceTitle "playchess.com"]
[Source "ChessBase"]
[SourceQuality "1"]
[TimeControl "5400+30"]

1. e4 e6 2. d4 d5 3. Nc3 Nf6 4. Bg5 dxe4 5. Nxe4 Be7 6. Bxf6 gxf6 7. Nf3 b6 8. Bb5+ Bd7 9. Bd3 Bc6 10. Qe2 Qd5 11. Ned2 Qa5 12. c3 Bb7 13. a4 Qh5 14. a5 bxa5 15. Be4 Ba6 16. Qe3 c6 17. b4 Bd8 18. bxa5 Be7 19. c4 f5 20. Bd3 Nd7 21. Ne5 Nxe5 22. Qxe5 O-O 23. h4 Qh6 24. Rh3 Bf6 25. Rg3+ Kh8 26. Qc5 Rad8 27. Nf3 Qf4 28. Qxc6 Bxd4 29. Nxd4 Qxd4 30. Rd1 Qc3+ 31. Ke2 Qxa5 32. Qf3 Qc3 33. Qf4 Qd4 34. Qxd4+ Rxd4 35. c5 Rfd8 36. c6 f4 37. c7 Re8 38. Bxa6 Rxd1 39. Kxd1 fxg3 40. fxg3 Kg7 41. c8=Q Rxc8 42. Bxc8 Kf6 43. Ba6 Ke5 44. Ke2 Kd4 45. g4 h6 46. Kf3 Ke5 47. g3 f6 48. Ke3 f5 49. g5 hxg5 50. hxg5 Kd6 51. Kf4 Ke7 52. Ke5 Kf7 53. Bc4 Kg6 54. Bxe6 Kxg5 55. Bxf5 a5 56. g4 1-0

[Event "Commonwealth CC-Open 2024"]
[Site "Malacca"]
[Date "2024.02.23"]
[Round "6.18"]
[White "Chitlange Sakshi"]
[Black "Kapoor, Satvik"]
[Result "1/2-1/2"]
[ECO "D91"]
[WhiteElo "2210"]
[BlackElo "1791"]
[Annotator "RC"]
[PlyCount "51"]
[EventDate "2024.02.21"]
[EventCountry "MAS"]
[SourceTitle "playchess.com"]
[Source "ChessBase"]
[SourceQuality "1"]
[TimeControl "5400+30"]

1. d4 Nf6 2. c4 g6 3. Nc3 d5 4. Nf3 Bg7 5. Bg5 Ne4 6. Bf4 c6 7. e3 O-O 8. cxd5 cxd5 9. Bd3 Nxc3 10. bxc3 Qa5 11. Qb3 Nd7 12. O-O Nb6 13. Rfb1 Bd7 14. Bc7 Rfc8 15. Bxb6 axb6 16. c4 Be6 17. cxd5 Bxd5 18. Qd1 Bxf3 19. Qxf3 e5 20. Rd1 exd4 21. exd4 Qc3 22. Be4 Bxd4 23. Qxc3 Bxc3 24. Bxb7 Bxa1 25. Bxa8 Bb2 26. Bd5 1/2-1/2